[Event "*** Titled Tuesday Blitz"]
[Site "Chess.com"]
[Date "2021.02.02"]
[Round "8"]
[White "Goryachkina"]
[Black "ErikRonka"]
[Result "1-0"]
[WhiteElo "2651"]
[BlackElo "2469"]
[TimeControl "180+1"]
[EndTime "11:28:55 PST"]
[Termination "Goryachkina won by resignation"]

1. e4 c6 2. d4 d5 3. e5 c5 4. dxc5 e6 5. Bd3 Nc6 6. Nf3 Bxc5 7. a3 Nge7 8. O-O Ng6 9. b4 Bb6 10. Bb2 Nf4 11. Bb5 a6 12. Ba4 O-O 13. Qd2 Ng6 14. Re1 Bd7 15. Bb3 Rc8 16. Nc3 Qc7 17. Rad1 Rfd8 18. Na2 Be8 19. Nc1 a5 20. h4 axb4 21.
axb4 Nce7 22. h5 Nf8 23. h6 g6 24. Qg5 Nd7 25. Qxe7 Nxe5 26. Qxc7 Nxf3+ 27. gxf3 Bxc7 28.
Nd3 Bb5 29. Ne5 Bd6 30. Ng4 Bxb4 31. Nf6+ Kh8 32. Nxd5+ 1-0

[Event "*** Titled Tuesday Blitz"]
[Site "Chess.com"]
[Date "2021.02.02"]
[Round "8"]
[White "petrkostenko"]
[Black "Piacramling"]
[Result "0-1"]
[WhiteElo "2418"]
[BlackElo "2296"]
[TimeControl "180+1"]
[EndTime "11:28:55 PST"]
[Termination "Piacramling won on time"]

1. e4 c5 2. Nf3 e6 3. c4 Nc6 4. Be2 Qb6 5. Nc3 a6 6. d3 Nd4 7. O-O Ne7 8. Nxd4 cxd4 9. Na4 Qc7 10. c5 Nc6 11. Bd2 d6 12. b4 Bd7 13. Rc1 Be7 14.
f4 O-O 15. a3 Rad8 16. Qb3 Qb8 17. Nb6 Na7 18. Qb2 Bc6 19. Rc4 Bb5 20. Rc2 Bc6 21.
Rfc1 Nc8 22. Nc4 dxc5 23. bxc5 Ba4 24. Na5 Bxc2 25. Rxc2 Na7 26. Qxb7 Qxb7 27. Nxb7 Rc8 28. Na5 Rxc5 29. Rxc5 Bxc5 30. Nb3 Bxa3 0-1

[Event "*** Titled Tuesday Blitz"]
[Site "Chess.com"]
[Date "2021.02.02"]
[Round "8"]
[White "sara_khm"]
[Black "Vaathi_Coming"]
[Result "0-1"]
[WhiteElo "2522"]
[BlackElo "2840"]
[TimeControl "180+1"]
[EndTime "11:28:56 PST"]
[Termination "Vaathi_Coming won by resignation"]

1. d4 Nf6 2. c4 e6 3. Nf3 d5 4.
Nc3 a6 5. cxd5 exd5 6. Bg5 Be6 7. Bxf6 Qxf6 8. Qb3 Ra7 9. e3 Qd8 10. Bd3 Bd6 11.
O-O O-O 12. Qc2 g6 13. Rad1 Nd7 14. a3 f5 15. Nd2 Nf6 16. f4 c5 17. Nf3 c4 18.
Be2 b5 19. Ne5 Qe8 20. Bf3 a5 21. a4 b4 22. Nb5 Ra6 23. Nxd6 Rxd6 24. Ra1 Bc8 25. Qf2 Bd7 26. Ra2 Rb6 27. Rfa1 Qe7 28.
h3 Rbb8 29. Qd2 Rfc8 30. Qd1 Qd6 31. g4 Be6 32. g5 Nd7 33. h4 Nxe5 34. fxe5 Qe7 35.
Qe2 c3 36. b3 f4 37. e4 dxe4 38. Bxe4 Bxb3 39. d5 Bxa2 0-1

[Event "*** Titled Tuesday Blitz"]
[Site "Chess.com"]
[Date "2021.02.02"]
[Round "8"]
[White "bocah_sakit"]
[Black "Sviridov_Valery"]
[Result "0-1"]
[WhiteElo "2820"]
[BlackElo "2946"]
[TimeControl "180+1"]
[EndTime "11:28:57 PST"]
[Termination "Sviridov_Valery won by resignation"]

1. e4 e5 2. Nf3 Nc6 3. Bb5 Nge7 4.
Nc3 g6 5. d4 exd4 6. Nd5 Nxd5 7. exd5 Qe7+ 8. Kf1 Ne5 9. Bg5 f6 10. Bf4 c5 11. Qe2 Bg7 12. Re1 a6 13. Nxe5 fxe5 14. Bxe5 Bxe5 15. Qxe5 Qxe5 16. Rxe5+ Kf7 17. Bd3 d6 18.
Re2 Bd7 19. f4 b5 20. b3 Rac8 21. Kf2 Rhe8 22. Rhe1 Rxe2+ 23. Rxe2 Kf6 24. Kf3 h5 25. h3 h4 26. Re1 a5 27. Be4 Re8 28. Re2 Bf5 29.
Bd3 Rxe2 30. Kxe2 c4 31. bxc4 bxc4 32. Bxc4 Bxc2 33. Kd2 Be4 34. Bf1 Kf5 35. Bd3 Kxf4 36. Bf1 Kg3 37. a4 g5 38. Ke2 Bxd5 0-1

[Event "*** Titled Tuesday Blitz"]
[Site "Chess.com"]
[Date "2021.02.02"]
[Round "8"]
[White "mirochka"]
[Black "MasterSonnevanck23"]
[Result "0-1"]
[WhiteElo "2215"]
[BlackElo "2378"]
[TimeControl "180+1"]
[EndTime "11:28:57 PST"]
[Termination "MasterSonnevanck23 won by resignation"]

1. e4 e5 2. Nf3 Nc6 3. d4 exd4 4. c3 dxc3 5. Nxc3 Bc5 6. Bc4 d6 7. O-O Nge7 8. Ng5 Ne5 9. Bb3 h6 10. Qh5 O-O 11. Nxf7 Rxf7 12. Be3 N7g6 13. Bxc5 Bg4 14. Bxf7+ Kxf7 15. f4 Bxh5 16. fxe5+ Kg8 17. exd6 cxd6 18. Bd4 Ne5 19. Nd5 Bf7 20. Rac1 Bxd5 21. exd5 Qd7 22. Rc3 Rf8 23. Re1 Qg4 24. Rg3 Qxd4+ 0-1

[Event "*** Titled Tuesday Blitz"]
[Site "Chess.com"]
[Date "2021.02.02"]
[Round "8"]
[White "Hikaru"]
[Black "Rud_Makarian"]
[Result "1-0"]
[WhiteElo "3179"]
[BlackElo "2915"]
[TimeControl "180+1"]
[EndTime "11:29:00 PST"]
[Termination "Hikaru won on time"]

1. e4 e5 2. Nc3 Nc6 3. Bc4 Nf6 4. d3 Bc5 5. Nf3 h6 6. Na4 Be7 7. Nc3 Bc5 8. Bb3 d6 9. Na4 O-O 10. Nxc5 dxc5 11. Ba4 Nd4 12. Nxe5 b5 13. Bb3 c4 14.
dxc4 Re8 15. f4 Nxe4 16. O-O b4 17. Ba4 Rxe5 18. fxe5 Bb7 19. Be3 c5 20. Bxd4 cxd4 21.
c5 Nxc5 22. Bb3 Qg5 23. Qe2 Rf8 24. e6 fxe6 25. Rxf8+ Kxf8 26. Rf1+ Ke7 27. Qf2 Ne4 28. Qf7+ 1-0

[Event "*** Titled Tuesday Blitz"]
[Site "Chess.com"]
[Date "2021.02.02"]
[Round "8"]
[White "sokidze"]
[Black "Michaelson_11"]
[Result "1-0"]
[WhiteElo "2521"]
[BlackElo "2294"]
[TimeControl "180+1"]
[EndTime "11:29:02 PST"]
[Termination "sokidze won by resignation"]

1. d4 Nf6 2. g3 g6 3. Bg2 Bg7 4. e4 O-O 5. Nc3 d6 6. Nge2 c6 7. O-O b5 8. e5 Nfd7 9. exd6 exd6 10. Nxb5 Ba6 11. Nbc3 Qc7 12. Bf4 f5 13. Nd5 cxd5 14.
Bxd5+ Kh8 15. Bxa8 Nc6 16. Bxc6 Qxc6 17. d5 Qb5 18. Re1 Qxb2 19. Rb1 Qf6 20. Qd2 Nc5 21.
f3 Re8 22. Be3 Na4 23. Bd4 Qf7 24. Nc3 Nc5 25. Rxe8+ Qxe8 26. Bxg7+ Kxg7 27. Re1 Qf7 28. Qd4+ Kg8 29. Ne2 Qe7 30. Kf2 g5 31. Nf4 Qb7 32. Nh5 Kf7 1-0

[Event "*** Titled Tuesday Blitz"]
[Site "Chess.com"]
[Date "2021.02.02"]
[Round "8"]
[White "TurboSteen"]
[Black "mr65"]
[Result "1-0"]
[WhiteElo "2040"]
[BlackElo "2099"]
[TimeControl "180+1"]
[EndTime "11:29:02 PST"]
[Termination "TurboSteen won by resignation"]

1. e4 e5 2. Nf3 Nc6 3. Bb5 a6 4. Ba4 Nf6 5. O-O Be7 6. Re1 b5 7. Bb3 O-O 8. c3 d5 9. exd5 Nxd5 10. Nxe5 Nxe5 11. Rxe5 c6 12. d4 Bd6 13. Re1 Qh4 14.
g3 Qh3 15. Re4 g5 16. Qf3 Bd7 17. Bxg5 Rae8 18. Nd2 Rxe4 19. Nxe4 Bg4 20. Qg2 Bc7 21. Re1 f5 22. Nf6+ Rxf6 23. Bxf6 Qh5 24. Be5 Bf3 25. Qf1 Bxe5 26. Rxe5 Kg7 27. Bxd5 cxd5 28. h3 Be4 29. g4 Qg5 30. f3 Qe3+ 31. Qf2 1-0

[Event "*** Titled Tuesday Blitz"]
[Site "Chess.com"]
[Date "2021.02.02"]
[Round "8"]
[White "olksuna"]
[Black "PriSachu"]
[Result "1-0"]
[WhiteElo "2691"]
[BlackElo "2491"]
[TimeControl "180+1"]
[EndTime "11:29:03 PST"]
[Termination "olksuna won by resignation"]

1. e4 e5 2. d4 exd4 3. Qxd4 Nc6 4. Qc4 Nf6 5. Nc3 Bb4 6. Bd2 O-O 7. O-O-O Re8 8. f3 Ne5 9. Qxb4 c6 10. Nh3 a5 11.
Qd4 b5 12. f4 Ng6 13. e5 Ng4 14.
Ne4 d5 15. Nd6 Re7 16. Be2 Nf6 17. Bf3 Ne8 18. Nxe8 Rxe8 19. Nf2 Qc7 20. Nd3 b4 21. Nc5 Rb8 22. g3 Qa7 23. Be3 Ne7 24. g4 a4 25.
Kb1 Ng6 26. h4 Nf8 27. f5 Nd7 28. Nxd7 Qxd7 29. Bf4 Rb5 30. h5 Bb7 31. h6 c5 32. Qd2 g6 33. fxg6 d4 34. Bxb7 Qxb7 35. gxh7+ Kh8 36. Bg5 Qe4 37. Bf6+ Kxh7 38. Qd3 Qxd3 39.
cxd3 b3 40. a3 Rb7 41. g5 Rd7 42. Rc1 Rd5 43. Rc4 Rexe5 44. Bxe5 Rxe5 45. Rxa4 Rxg5 46. Rc4 1-0

[Event "*** Titled Tuesday Blitz"]
[Site "Chess.com"]
[Date "2021.02.02"]
[Round "8"]
[White "Fischerev7"]
[Black "MilosJi"]
[Result "0-1"]
[WhiteElo "2394"]
[BlackElo "2665"]
[TimeControl "180+1"]
[EndTime "11:29:03 PST"]
[Termination "MilosJi won on time"]

1. e4 d5 2. exd5 Qxd5 3. Nc3 Qd6 4. g3 Nf6 5. Bg2 c6 6. h3 Bf5 7. Nf3 h6 8. d4 e6 9. O-O Qc7 10. Qe2 Bd6 11. Be3 O-O 12. Rad1 Nbd7 13. Rfe1 a5 14. g4 Bh7 15. g5 hxg5 16. Nxg5 Bg6 17. Nce4 Nxe4 18. Nxe4 Be7 19. Kh1 a4 20. Rg1 Ra5 21. Ng3 Nf6 22. c4 Rd8 23. c5 Raa8 24. h4 Nd5 25. h5 Bh7 26. Qg4 f5 27. Qh3 Bf6 28. h6 g6 29. Nh5 Bh8 30. Bg5 Re8 31. Bxd5 exd5 32. Nf6+ Bxf6 33. Bxf6 Re2 34. Qxf5 Qf7 35.
Qf3 Rxb2 36. Rde1 Rf8 37. Re7 Qxe7 0-1

[Event "*** Titled Tuesday Blitz"]
[Site "Chess.com"]
[Date "2021.02.02"]
[Round "8"]
[White "Grimlock_Glasgow"]
[Black "ajdemipopushi"]
[Result "1-0"]
[WhiteElo "2483"]
[BlackElo "2323"]
[TimeControl "180+1"]
[EndTime "11:29:03 PST"]
[Termination "Grimlock_Glasgow won on time"]

1. e4 c5 2. Nc3 g6 3. d4 cxd4 4. Qxd4 Nf6 5. Be3 Nc6 6. Qd2 Ng4 7. Bf4 d6 8. f3 Nge5 9. O-O-O h5 10. Bg5 Bg7 11.
f4 Nd7 12. Nf3 Nc5 13. e5 Bf5 14. exd6 Qxd6 15. Qxd6 exd6 16. Nb5 O-O 17. Nxd6 Bg4 18. Bc4 a6 19. Rhe1 Bxf3 20. gxf3 Nd4 21. Re7 Nxf3 22.
Nxf7 Nxg5 23. Nxg5+ Kh8 24. b4 1-0

[Event "*** Titled Tuesday Blitz"]
[Site "Chess.com"]
[Date "2021.02.02"]
[Round "8"]
[White "dennisodessa"]
[Black "Kovalchuk94"]
[Result "0-1"]
[WhiteElo "2472"]
[BlackElo "2642"]
[TimeControl "180+1"]
[EndTime "11:29:04 PST"]
[Termination "Kovalchuk94 won by resignation"]

1. d4 Nf6 2. c4 c5 3. d5 b5 4. cxb5 a6 5. bxa6 Bxa6 6. Nc3 d6 7. Nf3 g6 8. e4 Bxf1 9. Kxf1 Nbd7 10. g3 Bg7 11.
Kg2 O-O 12. a4 Qb6 13. Qe2 Rfb8 14. Nb5 Ne8 15. Nd2 Nc7 16. Nc4 Qb7 17. Nxc7 Qxc7 18. Bd2 Bxb2 19. Nxb2 Rxb2 20. Qe3 Ne5 21. Rhc1 Qb7 22.
h3 Qa6 23. Bc3 Re2 24. Qh6 Rxe4 25. Re1 Qd3 26. Bxe5 Rxe5 27. Rxe5 dxe5 28. Qe3 Qxd5+ 29. f3 c4 30. Qc3 Qd4 31. Qxd4 exd4 32. a5 e5 33. a6 f5 34. a7 c3 35. Kf2 e4 36.
fxe4 fxe4 37. Ke2 d3+ 38. Ke3 c2 39. Kd2 Kf7 40. Ra4 e3+ 41. Kxd3 c1=Q 0-1

[Event "*** Titled Tuesday Blitz"]
[Site "Chess.com"]
[Date "2021.02.02"]
[Round "8"]
[White "federicosellitti"]
[Black "FontVella8"]
[Result "1-0"]
[WhiteElo "2457"]
[BlackElo "2574"]
[TimeControl "180+1"]
[EndTime "11:29:04 PST"]
[Termination "federicosellitti won by resignation"]

1. e4 e6 2. b3 d5 3. Bb2 Nf6 4. exd5 exd5 5. Qe2+ Be6 6. Nf3 Be7 7. Nd4 Qd7 8. Nxe6 fxe6 9. g3 O-O 10. Bh3 Ne4 11. O-O Nc6 12. d3 Ng5 13. Bg4 Bf6 14. c3 Rae8 15. f4 Nf7 16. d4 Nh6 17. Bh3 Nf5 18. Nd2 g6 19. Nf3 Qd6 20. Rae1 Nd8 21. a4 c5 22. Ba3 b6 23. Rd1 Bg7 24. c4 Nc6 25. dxc5 bxc5 26. Qf2 d4 27. g4 Nh6 28. Nd2 Nb4 29. Bxb4 cxb4 30. Ne4 Qc7 31. Rde1 e5 32. f5 a5 33. f6 Rf7 34. g5 Nf5 35. fxg7 Ne3 36.
Qxf7+ Qxf7 37. Rxf7 Kxf7 38. Nd6+ 1-0

[Event "*** Titled Tuesday Blitz"]
[Site "Chess.com"]
[Date "2021.02.02"]
[Round "8"]
[White "EmirhanTarlabasi"]
[Black "Taabling"]
[Result "0-1"]
[WhiteElo "2465"]
[BlackElo "2338"]
[TimeControl "180+1"]
[EndTime "11:29:04 PST"]
[Termination "Taabling won by resignation"]

1. d4 Nf6 2. c4 g6 3. Nc3 Bg7 4. e4 d6 5. f4 O-O 6. Nf3 c5 7.
d5 e6 8. Be2 exd5 9. cxd5 Re8 10. e5 dxe5 11. fxe5 Ng4 12. e6 fxe6 13. d6 Nc6 14.
O-O Nd4 15. Ne4 Qb6 16. h3 c4 17. Kh1 Nxf3 18. Bxf3 Ne5 19. Bg4 Bd7 20. Bg5 Rf8 21.
Qd2 Nxg4 22. hxg4 Qxb2 23. Nc5 Qxd2 24. Bxd2 Bxa1 25. Rxa1 Bc6 26. Bc3 Rf2 27. Rd1 Rxg2 28. Rg1 Rf2+ 29. Rg2 Rxg2 30. Ne4 Bxe4 31. d7 Rc2+ 32. Kg1 Rxc3 0-1

[Event "*** Titled Tuesday Blitz"]
[Site "Chess.com"]
[Date "2021.02.02"]
[Round "8"]
[White "PetrolulSah"]
[Black "BikingBrian"]
[Result "0-1"]
[WhiteElo "2199"]
[BlackElo "2327"]
[TimeControl "180+1"]
[EndTime "11:29:06 PST"]
[Termination "BikingBrian won by checkmate"]

1. d4 Nf6 2. c4 g6 3. Nc3 Bg7 4. e4 d6 5. Be2 O-O 6. Bg5 c5 7.
d5 e6 8. Qd2 exd5 9. exd5 Qb6 10.
Nf3 Bf5 11. O-O Ne4 12. Nxe4 Bxe4 13. Bh6 Bxf3 14. Bxf3 Nd7 15. Bxg7 Kxg7 16. Qc3+ Kg8 17. h4 Qb4 18. Qc2 Ne5 19. Be2 b5 20. a3 Qa5 21.
cxb5 c4 22. h5 Qxb5 23. Rad1 Rab8 24. Rd2 Nd3 25. Bxd3 cxd3 26. Qc3 Qxd5 27. h6 Qe5 28. Rxd3 Rxb2 29. Rc1 f6 30. Qc4+ Kh8 31. Qc7 Rg8 32.
Qxa7 Qf4 33. Rc7 Rb1+ 34. Rd1 Rxd1# 0-1

[Event "*** Titled Tuesday Blitz"]
[Site "Chess.com"]
[Date "2021.02.02"]
[Round "8"]
[White "oogee"]
[Black "kamilianin235"]
[Result "1-0"]
[WhiteElo "2343"]
[BlackElo "2218"]
[TimeControl "180+1"]
[EndTime "11:29:06 PST"]
[Termination "oogee won on time"]

1. d4 d5 2. c4 dxc4 3. Nf3 Nf6 4.
e3 e6 5. Bxc4 c5 6. O-O a6 7. Nc3 b5 8. Bb3 Nbd7 9. d5 exd5 10. Bxd5 Nxd5 11. Qxd5 Rb8 12. Ng5 Qf6 13. Nce4 Qg6 14.
f4 Bb7 15. Qd3 h6 16. f5 Qc6 17. Rf2 hxg5 18. Nxg5 Ne5 19. Qe2 Rd8 20. e4 Be7 21.
Be3 1-0

[Event "*** Titled Tuesday Blitz"]
[Site "Chess.com"]
[Date "2021.02.02"]
[Round "8"]
[White "Firstov"]
[Black "superchess02"]
[Result "0-1"]
[WhiteElo "2487"]
[BlackElo "2784"]
[TimeControl "180+1"]
[EndTime "11:29:07 PST"]
[Termination "superchess02 won on time"]

1. b3 c5 2. Bb2 Nc6 3. e3 d6 4. Bb5 Nf6 5. Bxc6+ bxc6 6. d3 e5 7. Nd2 Qc7 8. e4 d5 9. Qe2 d4 10. Ngf3 Be6 11. O-O Be7 12. Nc4 Nd7 13. Bc1 h6 14.
Bd2 g5 15. Kh1 f6 16. Be1 h5 17. Nfd2 Nf8 18. f3 Ng6 19. g3 h4 20. g4 Bd8 21. h3 Nf4 22. Qh2 Qb8 23. a4 Ke7 24. Rf2 Bb6 25. Rb1 Qd8 26. Rc1 Ba5 27.
Nxa5 Qxa5 28. Nc4 Qc7 29. Bd2 Ng6 30. Qg2 Bxc4 31. dxc4 Rhd8 32. Qf1 d3 33. cxd3 Nf8 34. Be3 Ne6 35. Rd2 Rab8 36. Rc3 Qa5 37. Qc1 Rb4 38. Kg2 Nd4 39. Bxd4 cxd4 40. Rcc2 Rxb3 41. Ra2 Rdb8 42. Qc2 Rc3 43. Qd1 Rbb3 44. Kf2 Qb4 45. Ke2 Rb1 46. Rdb2 Rxb2+ 0-1

[Event "*** Titled Tuesday Blitz"]
[Site "Chess.com"]
[Date "2021.02.02"]
[Round "8"]
[White "AliKa2810"]
[Black "BvsN"]
[Result "1-0"]
[WhiteElo "2568"]
[BlackElo "2375"]
[TimeControl "180+1"]
[EndTime "11:29:09 PST"]
[Termination "AliKa2810 won on time"]

1. Nf3 d5 2. g3 c6 3. Bg2 Bg4 4. O-O e6 5. h3 Bh5 6. d4 Nf6 7. c4 Nbd7 8. cxd5 exd5 9. Nc3 Bd6 10. Nh4 O-O 11. f4 Ne8 12. Nf5 Bc7 13. Qe1 Bg6 14.
Nh4 f6 15. Nxg6 hxg6 16. g4 Nd6 17. Qh4 Re8 18. f5 gxf5 19. gxf5 Nf8 20. Qh5 Nf7 21. Bf4 Bxf4 22. Rxf4 Nh6 23. Raf1 Qd6 24. Kh1 Kh8 25. e4 dxe4 26. Nxe4 Qxd4 27. Rg1 Qe3 28. Rh4 Nh7 29. Bf3 Re5 30. Nd6 Ng5 31. Bg2 Rd8 32. Nc4 Qg3 33. Nxe5 Qxe5 34. Qg6 Kg8 35. Rxh6 1-0

[Event "*** Titled Tuesday Blitz"]
[Site "Chess.com"]
[Date "2021.02.02"]
[Round "8"]
[White "FairChess_on_YouTube"]
[Black "KuzubovYuriy"]
[Result "1-0"]
[WhiteElo "2935"]
[BlackElo "2838"]
[TimeControl "180+1"]
[EndTime "11:29:10 PST"]
[Termination "FairChess_on_YouTube won on time"]

1. e4 c5 2. Nc3 d6 3. Nge2 Nf6 4. h3 e5 5. g4 d5 6. exd5 Nxd5 7.
Bg2 Nxc3 8. dxc3 Qxd1+ 9. Kxd1 Nc6 10. Be3 Be6 11. Ng3 O-O-O+ 12. Kc1 Kc7 13. a4 f6 14. a5 c4 15. Ra4 Kb8 16. Re1 Bf7 17. g5 fxg5 18. Bxg5 Rc8 19. Ne4 h6 20. Be3 Be7 21.
f4 exf4 22. Bxf4+ Ka8 23. a6 b5 24. Ra5 Nxa5 25. Nd6+ Nc6 26. Rxe7 Bg6 27. Nxb5 1-0

[Event "*** Titled Tuesday Blitz"]
[Site "Chess.com"]
[Date "2021.02.02"]
[Round "8"]
[White "ChelsieMonica"]
[Black "Vesper2018"]
[Result "0-1"]
[WhiteElo "2381"]
[BlackElo "2589"]
[TimeControl "180+1"]
[EndTime "11:29:13 PST"]
[Termination "Vesper2018 won on time"]

1. c4 e5 2. Nc3 d6 3. Nf3 f5 4. d3 Nc6 5. g3 g6 6. Bg2 Bg7 7. O-O Nf6 8. e4 O-O 9. Nd5 fxe4 10.
Nxf6+ Qxf6 11. dxe4 Bg4 12. Qd5+ Kh8 13. Bg5 Qf7 14.
Qxf7 Rxf7 15. Nd2 Nd4 16. f3 Be6 17. b3 h6 18. Be3 Nc2 19. Rae1 Nxe1 20. Rxe1 c6 21.
h3 d5 22. exd5 cxd5 23. f4 dxc4 24. bxc4 exf4 25. Bxf4 Re8 26. h4 Bd7 27. Rd1 Bc6 28. Bxc6 bxc6 29. Nb3 Re2 30. Rd6 Rxa2 31. Rxg6 a5 32.
Rxc6 a4 33. Nc5 a3 34. Rc8+ Kh7 35. Ne6 Rb2 0-1

[Event "*** Titled Tuesday Blitz"]
[Site "Chess.com"]
[Date "2021.02.02"]
[Round "8"]
[White "CalinGheorghiu"]
[Black "Oligan22"]
[Result "1/2-1/2"]
[WhiteElo "2280"]
[BlackElo "2510"]
[TimeControl "180+1"]
[EndTime "11:29:14 PST"]
[Termination "Game drawn by repetition"]

1. e4 c6 2. Nf3 d5 3. Nc3 dxe4 4. Nxe4 Nf6 5. Nxf6+ exf6 6. d4 Bd6 7. c3 O-O 8. Bd3 Re8+ 9. Be3 Bg4 10. h3 Bh5 11. g4 Bg6 12. Qd2 Bf4 13. O-O-O Bxe3 14. fxe3 Qd5 15. Nh4 Qxa2 16. Nxg6 fxg6 17. h4 Nd7 18. g5 Qa1+ 19. Bb1 b5 20. h5 gxh5 21. Rxh5 g6 22.
Rh6 f5 23. Rdh1 Nf8 24. Qh2 Re7 25. Qd6 Rae8 26. Qxc6 Rxe3 27. Qd5+ Kg7 28. Rxh7+ Nxh7 29. Rxh7+ Kxh7 30. Qf7+ Kh8 31. Qf6+ Kh7 32. Qf7+ Kh8 33. Qf6+ Kh7 34. Qf7+ 1/2-1/2

[Event "*** Titled Tuesday Blitz"]
[Site "Chess.com"]
[Date "2021.02.02"]
[Round "8"]
[White "markowskitomasz"]
[Black "ShimanovAlex"]
[Result "0-1"]
[WhiteElo "2642"]
[BlackElo "2835"]
[TimeControl "180+1"]
[EndTime "11:29:15 PST"]
[Termination "ShimanovAlex won by resignation"]

1. d4 d5 2. Nf3 Bg4 3. Ne5 Be6 4.
Bf4 f6 5. Nf3 g5 6. Bg3 h5 7. h4 g4 8. Nfd2 Nc6 9. e3 Nh6 10. a3 Nf5 11. Bf4 Bf7 12. Bb5 Qd7 13. c4 a6 14. Bxc6 Qxc6 15. cxd5 Bxd5 16. Nc3 Bxg2 17.
Rh2 e5 18. dxe5 O-O-O 19. Rc1 g3 20. fxg3 fxe5 21. Bxe5 Bc5 22. Bxh8 Bxe3 23. Nce4 Bxd2+ 24. Nxd2 Re8+ 25. Kf2 Qb6+ 26. Kxg2 Ne3+ 27. Kh1 Nxd1 28.
Rxd1 Rxh8 29. Re2 Qxb2 30. Rde1 Qxa3 31. Ne4 a5 32. Nf6 Qf3+ 0-1

[Event "*** Titled Tuesday Blitz"]
[Site "Chess.com"]
[Date "2021.02.02"]
[Round "8"]
[White "Fortitudine"]
[Black "KarateBaby"]
[Result "1-0"]
[WhiteElo "2346"]
[BlackElo "2219"]
[TimeControl "180+1"]
[EndTime "11:29:18 PST"]
[Termination "Fortitudine won by checkmate"]

1. c4 Nf6 2. Nf3 g6 3. Nc3 Bg7 4. g3 O-O 5. Bg2 d6 6. O-O Nc6 7. b3 e5 8. Bb2 Re8 9. d3 e4 10. dxe4 Nxe4 11. Rc1 Nf6 12. h3 h5 13. Qd2 Bf5 14.
Nh4 Bd7 15. Nd5 a5 16. Rfe1 Rc8 17. e4 Ne5 18. f4 Nc6 19. Kh2 b6 20. Rcd1 Be6 21.
e5 Nh7 22. Nf6+ Bxf6 23. exf6 Nb4 24. a3 Na6 25. Bc6 Rf8 26. Qc2 Kh8 27. Rxe6 fxe6 28. Nxg6+ Kg8 29. Ne7+ Kh8 30. Qg6 Rg8 31. f7+ Nf6 32. Bxf6+ Rg7 33. Qxg7# 1-0

[Event "*** Titled Tuesday Blitz"]
[Site "Chess.com"]
[Date "2021.02.02"]
[Round "8"]
[White "alexrustemov"]
[Black "remi04"]
[Result "1/2-1/2"]
[WhiteElo "2764"]
[BlackElo "2622"]
[TimeControl "180+1"]
[EndTime "11:29:19 PST"]
[Termination "Game drawn by agreement"]

1. d4 d5 2. c4 c6 3. Nc3 Nf6 4. e3 e6 5. Nf3 Nbd7 6. Qc2 dxc4 7. Bxc4 b5 8. Bd3 Bb7 9. O-O Bd6 10. e4 e5 11. dxe5 Nxe5 12. Nxe5 Bxe5 13. f4 Qb6+ 14. Kh1 Bxc3 15. bxc3 Rd8 16. Ba3 Ng4 17. Qe2 h5 18. Rae1 a5 19. h3 b4 20. cxb4 axb4 21. Bb2 Rxd3 22. Qxd3 Nf2+ 23. Rxf2 Qxf2 24. Rd1 O-O 25. Be5 c5 26. Ra1 f6 27. Bd6 Re8 28.
Qf3 Qd4 29. Rd1 Rxe4 30. Rxd4 Re1+ 31. Kh2 Bxf3 32. Rd2 Re2 33. Rxe2 Bxe2 34. Bxc5 Bc4 35. Bxb4 Bxa2 1/2-1/2

[Event "*** Titled Tuesday Blitz"]
[Site "Chess.com"]
[Date "2021.02.02"]
[Round "8"]
[White "WilliamSchill"]
[Black "salomez"]
[Result "0-1"]
[WhiteElo "1969"]
[BlackElo "2207"]
[TimeControl "180+1"]
[EndTime "11:29:21 PST"]
[Termination "salomez won on time"]

1. e4 c5 2. Nf3 e6 3. d4 cxd4 4. Nxd4 Nf6 5. Nc3 Nc6 6. Nxc6 bxc6 7. e5 Nd5 8. Ne4 Qc7 9. f4 Qb6 10. Qf3 Be7 11. a3 O-O 12. c4 f5 13. Nf2 Nc7 14. b4 c5 15. b5 a6 16. a4 axb5 17. cxb5 Bb7 18. Qc3 Nd5 19. Qd2 g5 20. a5 Qc7 21. a6 gxf4 22. Bb2 Bc8 0-1

[Event "*** Titled Tuesday Blitz"]
[Site "Chess.com"]
[Date "2021.02.02"]
[Round "8"]
[White "juancruzarias"]
[Black "wnstop"]
[Result "1-0"]
[WhiteElo "2612"]
[BlackElo "2736"]
[TimeControl "180+1"]
[EndTime "11:29:23 PST"]
[Termination "juancruzarias won by resignation"]

1. e4 c5 2. Nc3 Nc6 3. Bb5 Nd4 4. Bc4 a6 5. a4 e6 6. Nf3 Nf6 7.
O-O d5 8. exd5 exd5 9. Ba2 Bg4 10. Qe1+ Be7 11. Nxd4 cxd4 12. Ne2 d3 13. cxd3 O-O 14.
h3 Bf5 15. Bb1 Re8 16. Qd1 Bd6 17. d4 Bxb1 18. Rxb1 Qb6 19. d3 Rac8 20. Be3 Bb8 21. Re1 h6 22. b4 Re6 23. Qd2 Rec6 24. b5 Rc2 25. bxa6 Qxa6 26. Qb4 Qxd3 27. Qxb7 Ne4 28.
Qb5 Qa3 29. Qxd5 Nf6 30. Qb3 Qf8 31. Nf4 Bxf4 32. Bxf4 R2c3 33. Qa2 Ne8 34. a5 Rc2 35. Qb3 R2c3 36. Qb4 Nf6 37. Qxf8+ Kxf8 38. a6 Ra3 39. Bd6+ Kg8 40. Bxa3 Nd5 41. Bc5 1-0

[Event "*** Titled Tuesday Blitz"]
[Site "Chess.com"]
[Date "2021.02.02"]
[Round "8"]
[White "ShapkinAnatoliy"]
[Black "PelinGorki"]
[Result "1-0"]
[WhiteElo "2627"]
[BlackElo "2462"]
[TimeControl "180+1"]
[EndTime "11:29:23 PST"]
[Termination "ShapkinAnatoliy won by resignation"]

1. d4 Nf6 2. c4 e5 3. dxe5 Ng4 4.
Bf4 Nc6 5. Nf3 Bb4+ 6. Nbd2 Qe7 7. e3 Ngxe5 8. Nxe5 Nxe5 9. Be2 O-O 10. O-O Bxd2 11. Qxd2 d6 12. b4 Bf5 13. Qc3 Ng6 14. Bg3 a5 15. a3 axb4 16. axb4 Rfc8 17. h3 Qe8 18. Qd4 Rxa1 19. Rxa1 Ra8 20. Bf3 Rxa1+ 21. Qxa1 Be4 22. Be2 h6 23. Qd4 Bf5 24. Bf3 Qa4 25. c5 dxc5 26. Qxc5 Be6 27. Bxc7 b5 28. Bc6 Qd1+ 29. Kh2 Qe2 30. Bg3 Bc4 31. Bf3 Qc2 32. h4 Qd3 33. h5 Nf8 34. Qe5 Qd7 35. Be4 Nh7 36. Qb8+ Nf8 37.
Bd6 f5 38. Qxf8+ 1-0

[Event "*** Titled Tuesday Blitz"]
[Site "Chess.com"]
[Date "2021.02.02"]
[Round "8"]
[White "Khnykin_Nikolay"]
[Black "SkippingLaptop"]
[Result "0-1"]
[WhiteElo "2074"]
[BlackElo "2079"]
[TimeControl "180+1"]
[EndTime "11:29:23 PST"]
[Termination "SkippingLaptop won on time"]

1. e4 c5 2. d4 cxd4 3. c3 g6 4. cxd4 d5 5. exd5 Nf6 6. Bc4 Bg7 7. Nc3 O-O 8. Nf3 Nbd7 9. O-O Nb6 10. Bb3 Nbxd5 11.
Re1 Bg4 12. Bg5 h6 13. Bxf6 Nxf6 14. h3 Bf5 15. Ne5 Rc8 16. g4 Bd7 17. Nxg6 Bc6 18. Nxf8 Kxf8 19. d5 Bd7 20. d6 e6 21. Ne4 Nxe4 22. Rxe4 Qh4 23. Rc1 Rxc1 24. Qxc1 Bc6 25. Qc5 Kg8 26. Re3 Bxb2 27. Qxa7 Bc1 28. Rg3 Bf4 29.
Rc3 Bxd6 30. Qa8+ Kg7 31. Qa5 Qf6 32. Bc2 Qf4 33. Kf1 Bb4 34. Qh5 Bxc3 0-1

[Event "*** Titled Tuesday Blitz"]
[Site "Chess.com"]
[Date "2021.02.02"]
[Round "8"]
[White "AttilaTurzo"]
[Black "BahadirOzen"]
[Result "0-1"]
[WhiteElo "2543"]
[BlackElo "2729"]
[TimeControl "180+1"]
[EndTime "11:29:24 PST"]
[Termination "BahadirOzen won by resignation"]

1. d4 d6 2. Nf3 Bg4 3. Bf4 Nd7 4. Nbd2 Ngf6 5. h3 Bh5 6. c3 c6 7. g4 Bg6 8. Nh4 e5 9. Bg3 exd4 10. cxd4 Qb6 11. Qb3 Qxb3 12. axb3 d5 13. Nxg6 hxg6 14. Bg2 Bb4 15. f3 Nf8 16. g5 Nh5 17. Bf2 Ne6 18.
h4 Nhf4 19. Bf1 Nxg5 20. Rg1 Ngh3 21. Rg4 f5 22. Bxh3 fxg4 23. Bxg4 Ng2+ 24. Kd1 Nxh4 25. e4 dxe4 26. Nxe4 Nf5 27. Ke2 O-O 28. Nc5 Bxc5 29.
dxc5 a6 30. Rd1 Rad8 31. Rxd8 Rxd8 32. b4 Kf7 33. Bg1 Nd4+ 34. Kd3 Nxf3+ 0-1